 Dungeon Crawl Stone Soup version 0.27-a0-1312-g5cdb2b3542 (webtiles) character file.

Game seed: 5658621782951985505

3048 Froggeryz the Cleaver (level 9, -8/67 HPs)
             Began as a Palentonga Abyssal Knight on June 19, 2021.
             Was a High Priest of Lugonu.
             Mangled by Harold (25 damage)
             ... on level 8 of the Dungeon.
             The game lasted 00:14:19 (9850 turns).

Froggeryz the Cleaver (Palentonga Abyssal Knight)   Turns: 9850, Time: 00:14:19

Health: -8/67      AC: 15    Str: 22    XL:     9   Next: 57%
Magic:  10/10      EV: 12    Int: 19    God:    Lugonu [*****.]
Gold:   305        SH:  0    Dex: 10    Spells: 8/8 levels left

rFire    . . .     SeeInvis +   a - +2 hand axe
rCold    . . .     Faith    .   (no shield)
rNeg     . . .     Spirit   .   v - +1 scale mail of Waufot {Str+4 Int+3 Slay+2}
rPois    .         Reflect  .   (no helmet)
rElec    .         Harm     .   r - +0 cloak
rCorr    .         Rampage  .   (no gloves)
Will     ++...                  (no barding)
Stlth    ..........             (no amulet)
HPRegen  0.21/turn              i - +4 ring of evasion
MPRegen  0.12/turn              h - ring of the Mage {Wiz Will++ Int+3}

@: curled up
A: large, rugged brown scales 3, see invisible, deformed body, roll 1, armoured
tail, reflexive curl
a: Rolling Charge, Renounce Religion, Depart the Abyss, Bend Space, Banish,
Corrupt, Enter the Abyss


You were on level 8 of the Dungeon.
You worshipped Lugonu.
Lugonu was extremely pleased with you.
You visited 1 branch of the dungeon, and saw 8 of its levels.
You visited the Abyss 1 time.
You also visited: Sewer and Ossuary.

You collected 468 gold pieces.
You spent 163 gold pieces at shops.

Inventory:

Hand Weapons
 a - a +2 hand axe (weapon)
 n - a +1 war axe of holy wrath
Missiles
 b - 14 boomerangs
 o - a curare-tipped dart
 A - 3 javelins (quivered)
Armour
 g - a +5 chain mail of fire resistance
 l - a +2 ring mail of poison resistance
 r - a +0 cloak (worn)
 v - the +1 scale mail of Waufot (worn) {Str+4 Int+3 Slay+2}
   (You acquired it in a sewer)

   It affects your strength (+4).
   It affects your intelligence (+3).
   It affects your accuracy and damage with ranged weapons and melee attacks
   (+2).
Jewellery
 h - the ring of the Mage (right hand) {Wiz Will++ Int+3}
   (You acquired it on level 5 of the Dungeon)

   [ring of wizardry]

   It improves your spell success rate.
   It affects your intelligence (+3).
   It greatly increases your willpower.
 i - a +4 ring of evasion (left hand)
Scrolls
 c - 2 scrolls of enchant armour
 d - a scroll of fog
 f - 3 scrolls of magic mapping
 j - 3 scrolls of teleportation
 m - 6 scrolls of identify
 q - a scroll of summoning
 t - 2 scrolls of immolation {unknown}
 u - 2 scrolls of noise {unknown}
 w - a scroll of fear {unknown}
 y - a scroll of holy word {unknown}
Potions
 e - 2 potions of resistance
 k - 2 potions of flight
 p - a potion of cancellation {unknown}
 x - 2 potions of curing
 z - a potion of haste


   Skills:
 - Level 3.0 Fighting
 * Level 12.8 Axes
 - Level 3.0 Armour
 - Level 0.7 Dodging
 - Level 2.0 Invocations


You had 8 spell levels left.
You didn't know any spells.
Your spell library contained the following spells:

 Spells                   Type           Power      Damage    Failure   Level
 Foxfire                  Conj/Fire      0%         2x1d4     21%         1
 Confusing Touch          Hex            0%         N/A       52%         3
 Conjure Flame            Conj/Fire      0%         6-21      52%         3
 Gell's Gravitas          Tloc           0%         N/A       52%         3
 Inner Flame              Hex/Fire       0%         N/A       52%         3
 Petrify                  Tmut/Erth      0%         N/A       88%         4
 Sticky Flame             Conj/Fire      0%         2d3       88%         4
 Fireball                 Conj/Fire      0%         3d3       99%         5
 Metabolic Englaciation   Hex/Ice        0%         N/A       99%         5
 Yara's Violent Unravell  Hex/Tmut       0%         3d3       99%         5


Dungeon Overview and Level Annotations

Branches:
Dungeon (8/15)             Temple (0/1) D:4           Sewer (visited)
Ossuary (visited)
   Lair: D:8-11

Altars:

Shops:
D:7 !(**   D:8 *

Annotations:
D:8 Harold


Innate Abilities, Weirdness & Mutations

You are completely covered in rugged brown scales. (AC +3, +7% HP)
You have supernaturally acute eyesight. (SInv)
Armour fits poorly on your strangely shaped body.
You can roll at nearby foes to attack.
You have a long armoured tail.
You curl defensively after being hit.


Message History

Press: ? - help, Shift-Dir - straight line, f/p - Harold
Aim: Harold, wielding a +0 halberd, wearing a +4 scale mail of poison resistance and quivering a throwing net (83% to hit)
The bolt of acid misses Harold.
Harold throws a throwing net.
The throwing net closely misses you.
Aiming: Corrosive Bolt
Press: ? - help, Shift-Dir - straight line, f/p - Harold
Aim: Harold, wielding a +0 halberd and wearing a +4 scale mail of poison resistance (83% to hit)
The bolt of acid hits Harold.
Harold is splashed with acid.
The acid corrodes Harold!
Harold is lightly wounded.
Aiming: Corrosive Bolt
Press: ? - help, Shift-Dir - straight line, f/p - Harold
Aim: Harold, wielding a +0 halberd and wearing a +4 scale mail of poison resistance (lightly wounded, covered in acid, 83% to hit)
The bolt of acid hits Harold!
Harold is splashed with acid!
Harold seems to be corroded for longer.
Harold is moderately wounded.
The now-empty wand crumbles to dust.
Harold hits you from afar with a +0 halberd!!
Roll where?
Press: ? - help, Dir - move target, f/p - Harold
Aim: Harold, wielding a +0 halberd and wearing a +4 scale mail of poison resistance (moderately wounded, covered in acid)
You roll forward with a clatter of scales!
You slash Harold!
Harold is heavily wounded.
Harold hits you but does no damage.
You barely miss Harold.
Harold is heavily wounded.
You hit Harold.
Harold is severely wounded.
Harold hits you with a +0 halberd!
You barely miss Harold.
Harold is severely wounded.
Harold hits you with a +0 halberd!
* * * LOW HITPOINT WARNING * * *
You barely miss Harold.
Harold is severely wounded.
You slash Harold! You tail-slap Harold!
Harold is almost dead.
Harold hits you with a +0 halberd!!
You die...

#.... ...... ##.
..... .... ...[.
....##..#.#....
..#.... ......
..###....##...#..
..∩.............
#............
#(.<@@....(.
#..##..(......
#.............
#.##..........
...........
#####.......
....... .###.#.
.. ..


You could see Harold (corroded).

Vanquished Creatures
  Maggie (D:6)
  A steam dragon (D:8)
  Menkaure (D:7)
  A water moccasin (D:7)
  A black bear (D:4)
  Purgy (Sewer)
  3 sky beasts
  2 necrophages
  3 centaurs
  2 ogres
  4 bullfrogs
  An elf zombie (Ossuary)
  A scorpion (D:4)
  A water moccasin zombie (D:6)
  A howler monkey (D:5)
  A bullfrog zombie (D:5)
  3 human zombies (Ossuary)
  A hound (D:4)
  An orc priest (D:7)
  3 centaur zombies
  Crazy Yiuf (D:6)
  7 iguanas
  Ijyb (D:4)
  An orc wizard (D:7)
  A killer bee zombie (D:5)
  A hound zombie (D:5)
  2 mummies (Ossuary)
  A howler monkey zombie (D:5)
  2 howler monkey skeletons (D:4)
  10 adders
  2 river rats (D:6)
  3 ufetubi
  An adder zombie (Ossuary)
  2 worms
  A dart slug (D:2)
  17 orcs
  7 bats
  8 endoplasms
  8 giant cockroaches
  15 goblins
  12 hobgoblins
  15 jackals
  3 quokkas (D:1)
  7 ball pythons
  4 frilled lizards
  A goblin zombie (D:5)
  9 hobgoblin zombies (Ossuary)
  7 kobolds
  12 kobold zombies (Ossuary)
  7 orc zombies (Ossuary)
  A quokka zombie (D:5)
  12 rats
  2 rat zombies (Ossuary)
216 creatures vanquished.

Vanquished Creatures (others)
  10 plants (D:3)
  9 toadstools (D:1)
19 creatures vanquished.

Grand Total: 235 creatures vanquished

Notes
Turn   | Place    | Note
-------+----------+-------------------------------------------
     0 | Abyss:1  | Froggeryz the Palentonga Abyssal Knight began the quest for
                  | the Orb.
     0 | Abyss:1  | Reached XP level 1. HP: 19/19 MP: 2/2
    40 | Abyss:1  | Noticed a fire dragon simulacrum
    41 | D:1      | Escaped the Abyss
   385 | D:1      | Reached XP level 2. HP: 16/25 MP: 3/3
   767 | D:1      | Reached * piety under Lugonu
   828 | D:1      | Reached skill level 3 in Axes
   898 | D:1      | Found a faded altar of an unknown god.
   948 | D:1      | Reached XP level 3. HP: 31/31 MP: 4/4
  1836 | D:2      | Reached ** piety under Lugonu
  1837 | D:2      | Reached XP level 4. HP: 37/37 MP: 5/5
  2449 | D:3      | Noticed a sky beast
  2595 | D:3      | Reached skill level 4 in Axes
  3656 | D:3      | Reached XP level 5. HP: 13/43 MP: 6/6
  3686 | D:3      | HP: 3/64 [poisoned by a kobold]
  4502 | D:4      | Reached skill level 5 in Axes
  4708 | D:4      | Noticed Ijyb
  4709 | D:4      | Noticed a black bear
  4733 | D:4      | Killed a black bear
  4734 | D:4      | Reached skill level 6 in Axes
  4734 | D:4      | Reached XP level 6. HP: 35/50 MP: 7/7
  4737 | D:4      | Killed Ijyb
  4738 | D:4      | Reached *** piety under Lugonu
  5291 | D:5      | Entered Level 5 of the Dungeon
  5314 | D:5      | Reached skill level 7 in Axes
  5314 | D:5      | Gained mutation: You curl defensively after being hit.
                  | [Palentonga growth]
  5314 | D:5      | Reached XP level 7. HP: 16/55 MP: 8/8
  5603 | D:4      | Found a staircase to the Ecumenical Temple.
  5634 | D:5      | Reached skill level 8 in Axes
  5641 | D:5      | Identified a scroll of acquirement
  5641 | D:5      | Acquired the ring of the Mage {Wiz Will++ Int+3}
  5642 | D:5      | Found the ring of the Mage {Wiz Will++ Int+3}
  5673 | D:5      | Found a sand-covered staircase.
  5688 | Ossuary  | Entered an ossuary
  5825 | Ossuary  | Reached **** piety under Lugonu
  6126 | Ossuary  | Reached skill level 9 in Axes
  6126 | Ossuary  | Reached XP level 8. HP: 42/62 MP: 9/9
  7158 | D:6      | Reached skill level 10 in Axes
  7257 | D:6      | Found a runed translucent door.
  7258 | D:6      | Noticed Crazy Yiuf
  7529 | D:6      | Noticed Maggie
  7554 | D:6      | Killed Maggie
  7555 | D:6      | Reached skill level 11 in Axes
  7555 | D:6      | Reached XP level 9. HP: 30/67 MP: 10/10
  7667 | D:6      | Reached ***** piety under Lugonu
  7671 | D:6      | Found a glowing drain.
  7685 | Sewer    | Entered a sewer
  7796 | Sewer    | Acquired the +1 scale mail of Waufot {Str+4 Int+3 Slay+2}
  7866 | Sewer    | Noticed Purgy
  7878 | Sewer    | Killed Purgy
  8265 | D:6      | Killed Crazy Yiuf
  8340 | D:7      | Noticed Menkaure
  8350 | D:7      | Killed Menkaure
  8351 | D:7      | Reached skill level 12 in Axes
  8658 | D:7      | Found Zats's Antique Weapon Boutique.
  8661 | D:7      | Found Yppuawk's General Store.
  8669 | D:7      | Bought a potion of curing for 33 gold pieces
  8835 | D:7      | Found Poeptenlo's General Store.
  8838 | D:7      | Bought a potion of haste for 130 gold pieces
  9239 | D:7      | Found Qimarea's Distillery.
  9658 | D:8      | Found Lotanah's Neck Hole.
  9668 | D:8      | Noticed Harold
  9850 | D:8      | Mangled by Harold

Illustrated notes

Levels and vault maps discovered:
D:1:      ldierk_walled_garden, layout_loops_ring,
          chequers_ecumenical_altar_simple, minmay_gold_behind_fungi
D:2:      layout_loops_ring, patterned_corridor
D:3:      layout_rooms, serial_forest, infiniplex_forest_zigzag_2,
          infiniplex_forest_end_1, infiniplex_forest_corner_2,
          infiniplex_forest_clump_long, infiniplex_forest_clump_small,
          infiniplex_forest_lined_3, infiniplex_forest_straight_4,
          infiniplex_forest_corner_1, serial_bayou_ford_a,
          minmay_misc_feat_pillars, wad_rectangle_vault
D:4:      layout_cave_pools, minmay_temple_entry_from_below_a,
          serial_bayou_pond_a, minmay_ogre_servants, uniq_ijyb
D:5:      layout_rooms, enter_ossuary_4, st_stairs_6
D:6:      layout_rooms, portal_sewer_entry_e, grunt_ministairs_1, uniq_maggie,
          uniq_crazy_yiuf_cottage
D:7:      layout_loops_cross, serial_shops, shop, kennysheep_mini_moat,
          nicolae_lakefront_shop, shop, uniq_menkaure
D:8:      layout_basic, nicolae_shop_sticking_my_neck_out, uniq_harold

Skill      XL: |  1  2  3  4  5  6  7  8  9 |
---------------+----------------------------+-----
Armour         | 2 3 |  3.0
Axes           | 3 4 6 7 9 11 12 | 12.8
Fighting       | |  3.0
Dodging        | |  0.7
Invocations    | |  2.0

Action                   |  1- 3 |  4- 6 |  7- 9 || total
-------------------------+-------+-------+-------++-------
Melee: Hand axe          |   114 |   214 |   451 ||   779
       Tailslap          |     8 |    16 |    61 ||    85
Throw: Boomerang         |       |    13 |     1 ||    14
       Javelin           |       |       |     2 ||     2
       Dart              |       |       |     1 ||     1
Invok: Depart the Abyss  |     1 |       |       ||     1
 Abil: Rolling Charge    |     3 |     5 |     5 ||    13
Evoke: Wand              |       |       |     8 ||     8
  Use: Scroll            |       |     3 |    10 ||    13
       Potion            |       |     5 |     1 ||     6
 Stab: Sleeping          |     1 |       |       ||     1
Armor: Leather armour    |    33 |    28 |       ||    61
       Skin              |       |    71 |       ||    71
       Ring mail         |       |    46 |    19 ||    65
       Chain mail        |       |    26 |   157 ||   183
       Scale mail        |       |       |    25 ||    25
Dodge: Dodged            |    64 |   108 |   210 ||   382

Table legend: (Time is in decaauts)
 A = Elapsed time spent in this place.
 B = Non-inter-level travel time spent in this place.
 C = Inter-level travel time spent in this place.
 D = Time resting spent in this place.
 E = Time spent auto-exploring this place.
 F = Levels seen in this place.
 G = Mean time per level.
                   A        B        C        D        E       F      G
               +--------+--------+--------+--------+--------+-----+--------+
         Total |   9842 |   9445 |    397 |   2161 |   5281 |  11 |  894.7 |
       Dungeon |   8962 |   8565 |    397 |   1891 |   4926 |   8 | 1120.2 |
         Abyss |     41 |     41 |      0 |      0 |     40 |   1 |   41.0 |
         Sewer |    254 |    254 |      0 |     62 |    132 |   1 |  254.0 |
       Ossuary |    584 |    584 |      0 |    208 |    183 |   1 |  584.0 |
               +--------+--------+--------+--------+--------+-----+--------+

Top non-repeatable levels by time:
     D:4: 1578 daAuts
     D:1: 1539 daAuts
     D:7: 1455 daAuts
     D:2: 1400 daAuts
     D:3: 1290 daAuts
     D:6: 970 daAuts
     D:5: 691 daAuts
 Ossuary: 584 daAuts
   Sewer: 254 daAuts
 Abyss:1: 41 daAuts
     D:8: 36 daAuts
